 Dungeon Crawl Stone Soup version 0.22-a0-303-g4a852b3 (webtiles) character file.

35 medis the Charmwright (level 3, 22/24 HPs)
             Began as a Halfling Skald on Mar 27, 2018.
             Was a Follower of Kikubaaqudgha.
             Quit the game on level 2 of the Dungeon.
             The game lasted 00:01:36 (1369 turns).

medis the Charmwright (Halfling Skald)              Turns: 1369, Time: 00:01:37

Health: 22/24      AC:  3    Str: 12    XL:     3   Next: 55%
Magic:  5/5        EV: 14    Int: 12    God:    Kikubaaqudgha [*.....]
Gold:   43         SH:  0    Dex: 13    Spells: 2/5 levels left

rFire    . . .     SeeInvis .   a - +0 short sword
rCold    . . .     Gourm    .   (shield restricted)
rNeg     . . .     Faith    .   b - +0 leather armour
rPois    .         Spirit   .   (no helmet)
rElec    .         Reflect  .   (no cloak)
rCorr    .         Harm     .   (no gloves)
MR       .....                  (no boots)
Stlth    +.........             (no amulet)
HPRegen  0.08/turn              (no ring)
MPRegen  0.09/turn              (no ring)

@: no status effects
A: small, mutation resistance 1
a: Receive Corpses, Renounce Religion


You were on level 2 of the Dungeon.
You worshipped Kikubaaqudgha.
Kikubaaqudgha was aware of your devotion.
You were not hungry.

You visited 1 branch of the dungeon, and saw 2 of its levels.

You collected 43 gold pieces.

Inventory:

Hand Weapons
 a - a +0 short sword (weapon)
Armour
 b - a +0 leather armour (worn)
 n - a +0 scale mail
Jewellery
 m - an uncursed ring of ice {unknown}
Scrolls
 c - a scroll of fog {unknown}
 e - 2 scrolls of identify {unknown}
 f - 2 scrolls of remove curse {unknown}
 g - a scroll of amnesia {unknown}
 h - a scroll of enchant weapon {unknown}
 i - 2 scrolls of teleportation {unknown}
 o - a scroll of immolation {unknown}
Potions
 j - a potion of mutation {unknown}
 k - a potion of resistance {unknown}
 l - a potion of degeneration {unknown}
Comestibles
 d - 6 rations
 p - 2 chunks of flesh


   Skills:
 - Level 1.7 Fighting
 + Level 3.6 Short Blades
 - Level 1.1 Armour
 - Level 2.1 Dodging
 - Level 1.5 Spellcasting
 + Level 4.1 Charms


You had 2 spell levels left.
You knew the following spells:

 Your Spells              Type           Power        Failure   Level  Hunger
a - Infusion              Chrm           ##..         7%          1    ##.....
b - Shroud of Golubria    Chrm/Tloc      #.........   24%         2    ###....


Dungeon Overview and Level Annotations

Branches:
Dungeon (2/15)

Altars:
Cheibriados
Kikubaaqudgha


Innate Abilities, Weirdness & Mutations

You are small and have problems with some larger weapons.
You are somewhat resistant to further mutation.


Message History

The goblin wields an uncursed dagger.
The goblin hits you but does no damage.
You hit the goblin.
The goblin is moderately wounded.
You hit the goblin.
You kill the goblin!
No target in view!
No target in view!
There is a faded altar of an unknown god here.
You cannot tell which god this altar belongs to.
Convert to them anyway?
Okay, then.
There is a faded altar of an unknown god here.
You cannot tell which god this altar belongs to.
Convert to them anyway?
Kikubaaqudgha accepts your prayer! Kikubaaqudgha welcomes you!
You can now receive cadavers from Kikubaaqudgha.
You see here Kikubaaqudgha's Compendium of Black Secrets.
Kikubaaqudgha grants you a gift!
You pick up Kikubaaqudgha's Compendium of Black Secrets and begin reading...
You add the spells Pain, Corpse Rot and Sublimation of Blood to your library.
Are you sure you want to abandon this character and quit the game? (Confirm with "yes".)

.#..... #. $..#.# ..
#.#.## .# #[##....
###.### ......##
#.....##
##...#####......#
##....((.)..)...#.
##........♣.......#
#........♣@♣.....##
+.........♣.......#
#..................#
##.......#####.###.#
##.....## .# #
##...## .# ##'## #.#
#.#


There were no monsters in sight!

Vanquished Creatures
  An adder (D:2)
  A giant cockroach (D:2)
  4 goblins
  4 hobgoblins
  4 jackals (D:1)
  3 kobolds (D:1)
  A quokka (D:2)
  2 bats
  2 rats
22 creatures vanquished.

Notes
Turn   | Place    | Note
-------+----------+-------------------------------------------
     0 | D:1      | medis the Halfling Skald began the quest for the Orb.
     0 | D:1      | Reached XP level 1. HP: 14/14 MP: 3/3
    69 | D:1      | Reached XP level 2. HP: 13/19 MP: 0/4
   169 | D:1      | Learned a level 2 spell: Shroud of Golubria
  1013 | D:2      | Found a snail-covered altar of Cheibriados.
  1022 | D:2      | Reached XP level 3. HP: 21/24 MP: 5/5
  1110 | D:2      | Reached skill level 4 in Charms
  1154 | D:2      | Found a faded altar of an unknown god.
  1367 | D:2      | Became a worshipper of Kikubaaqudgha
  1367 | D:2      | Reached * piety under Kikubaaqudgha
  1367 | D:2      | Identified Kikubaaqudgha's Compendium of Black Secrets (Kikubaaqudgha gifted it to you on level 2 of the Dungeon)
  1367 | D:2      | Received a gift from Kikubaaqudgha
  1369 | D:2      | Quit the game

Vault maps used:
D:1:      co_arrival_square_in_a_square_in_a_square
D:2:      lemuel_crystal_altar, old_standard_altar,
          chequers_ecumenical_altar_simple, first_ration

Skill      XL: |  1  2  3 |
---------------+----------+-----
Short Blades   | 3 |  3.6
Charms         | 4 |  4.1
Fighting       | |  1.7
Armour         | |  1.1
Dodging        | |  2.1
Spellcasting   | |  1.5

Action                   || total
-------------------------++-------
Melee: Short sword       ||    88
 Cast: Infusion          ||     3
       Shroud of Golubri ||     1
  Eat: Chunk             ||     2
Armor: Leather armour    ||    18
Dodge: Dodged            ||    64

Table legend:
 A = Spawn XP
 B = Non-spawn XP
 C = Spawn XP percentage of total XP
 D = Spawn monster count
 E = Non-spawn monster count
 F = Spawn count percentage of total count
 G = Total turns spent on level
                    A         B        C        D         E        F      G
               +---------+---------+-------+---------+---------+-------+---------
         Total |       0 |      51 |   0.0 |       0 |      22 |   0.0 |  1369
               +---------+---------+-------+---------+---------+-------+---------
           D:1 |       0 |      25 |   0.0 |       0 |      14 |   0.0 |   966
           D:2 |       0 |      26 |   0.0 |       0 |       8 |   0.0 |   403
               +---------+---------+-------+---------+---------+-------+---------
